Unix NetHack Version 5.0.0-0 post-release - last build May 22 2026 02:22:16 (99d1c3b6dc4b13757aaa5824b55bdea4e1e63757,branch:main).

Game began 2026-05-22 06:47:55, ended 2026-05-22 07:22:00.

Corncycle, chaotic male human Rogue

                                -------- ------
                                |<|>...---....|
                                |^|-.0.@c)0...|
                                |^||(000|%Z00.|
                                |^||...`|.)...|
                                |+|------.----|
                                |^|    |......|
                                |^------......|
                                |.....^.......|
                                |..-----......|
                                ----   --------

Corncycle the Rogue     St:13 Dx:18 Co:13 In:9 Wi:11 Ch:13  Chaotic
Dlvl:8  $:43 HP:0(49) Pw:36(36) AC:4  Xp:7 T:3136  Stone

Latest messages:
 What do you want to write with? [- abdhmuvACX or ?*]
 You write in the dust with your fingertip.
 What do you want to write with? [- abdhmuvACX or ?*]
 Do you want to add to the current engraving? [ynq] (y)
 You add to the writing in the dust with an oak wand.
 The wand unsuccessfully fights your attempt to write!
 What do you want to call? [dhinoq-vzACDJWX or ?*]
 You see here a looking glass.
 You see here a candy bar.
 You see here 2 eggs.
 With great effort you move the boulder.
 With great effort you move the boulder.
 You see here a candy bar.
 You see here 2 eggs.
 With great effort you move the boulder.
 You see some chickatrices hatch.
 In what direction?
 You throw 4 daggers.
 The 1st dagger hits the chickatrice.
 The 2nd dagger hits the chickatrice.
 The 3rd dagger hits the chickatrice.
 The 4th dagger hits the chickatrice!
 In what direction?
 You throw 3 daggers.
 The 1st dagger hits the chickatrice.
 You kill the chickatrice!
 You have no ammunition readied.
 What do you want to fire? [$m or ?*]
 Never mind.
 What do you want to throw? [$m or ?*]
 In what direction?
 The dagger hits the chickatrice.
 b - a +0 dagger (at the ready).
 The chickatrice bites!
 The chickatrice touches you!
 You hear the chickatrice's hissing!
 You are slowing down.
 Your limbs are stiffening.
 In what direction?
 The dagger hits the chickatrice!
 Your limbs have turned to stone.
 You have turned to stone.
 The chickatrice bites!
 The chickatrice touches you!
 You are a statue.
 Do you want your possessions identified? [ynq] (y)
 Do you want to see your attributes? [ynq] (y)
 Do you want an account of creatures vanquished? [ynaq] (y)
 Do you want to see your conduct and achievements? [ynq] (y)
 Do you want to see the dungeon overview? [ynq] (y)

Inventory:
 Coins    ('$')
  $ - 43 gold pieces
 Amulets  ('"')
  n - an uncursed amulet of reflection
 Weapons  (')')
  a - a +0 short sword (weapon in right hand)
 Armor    ('[')
  q - an uncursed +0 orcish helm (being worn)
  D - an uncursed +0 pair of leather gloves
  J - an uncursed +0 pair of elven boots
  Z - an uncursed +0 mummy wrapping
  l - an uncursed +0 robe (being worn)
  c - a blessed +1 leather armor (being worn)
 Comestibles  ('%')
  R - 3 uncursed food rations
  j - a cursed food ration
  E - 3 uncursed tripe rations
  p - an uncursed homemade tin of jackal meat
 Scrolls  ('?')
  s - an uncursed scroll of earth
  r - a cursed scroll of earth
 Potions  ('!')
  k - an uncursed potion of healing
  t - an uncursed potion of object detection
  o - an uncursed potion of oil
 Rings    ('=')
  X - an uncursed +1 ring of gain constitution
  u - an uncursed ring of levitation
  d - an uncursed ring of protection from shape changers
  h - an uncursed ring of searching
 Wands    ('/')
  A - a wand of sleep (0:0)
  v - a wand of striking (0:7)
 Tools    ('(')
  Y - an uncursed sack containing 4 items
  e - an uncursed lock pick
  W - a cursed magic lamp
  z - an uncursed oil lamp (lit)
  i - an uncursed skeleton key
 Gems/Stones  ('*')
  C - an uncursed luckstone

Contents of the sack:
  478 gold pieces
  4 uncursed scrolls of blank paper
  a blessed scroll of fire
  2 uncursed scrolls of identify

Corncycle the Rogue's attributes:

Background:
 You were a Rogue, level 7 male human.
 You were chaotic, on a mission for Kos
 who was opposed by Issek (lawful) and Mog (neutral).
 You were right-handed.
 You were in Sokoban, on level 8.
 You entered the dungeon 3136 turns ago.
 You had 855 experience points, 425 more were needed to attain level 8.

Basics:
 You had 0 out of 49 hit points.
 You had all 36 energy points (spell power).
 Your armor class was 4.
 Your wallet contained 43 zorkmids, and
 you had 478 more stashed away in your pack.
 Autopickup was on for '.' plus thrown.

Final Characteristics:
 Your strength was 13 (limit:18/100).
 Your dexterity was 18 (limit:18).
 Your constitution was 13 (limit:18).
 Your intelligence was 9 (limit:18).
 Your wisdom was 11 (limit:18).
 Your charisma was 13 (limit:18).

Final Status:
 You turned into stone.
 You weren't hungry.
 You were unencumbered.
 You were wielding a short sword.
 You had basic skill with short sword.

Final Attributes:
 You were piously aligned.
 You were stealthy.
 You were guarded.
 You were lucky.
 You had extra luck.
 Bad luck did not time out for you.
 Good luck did not time out for you.
 You are dead.

Miscellaneous:
 You didn't encounter any bones levels.
 Total elapsed playing time was 34 minutes and 5 seconds.

Major events:
 Turn
    1: Corncycle the chaotic male human Rogue entered the dungeon
  594: attained the rank of Cutpurse (level 3)
  679: read a Discworld novel
 2187: attained the rank of Rogue (level 6)
 2954: entered Sokoban
 3136: petrified by a chickatrice

You didn't know any spells.

Skills:
 Fighting Skills
   bare handed combat [Unskilled]
   two weapon combat  [Unskilled]
   riding             [Unskilled]
 Weapon Skills
   dagger             [Expert]
   knife              [Unskilled]
   short sword        [Basic]
   broadsword         [Unskilled]
   long sword         [Unskilled]
   two-handed sword   [Unskilled]
   saber              [Unskilled]
   club               [Unskilled]
   mace               [Unskilled]
   morning star       [Unskilled]
   flail              [Unskilled]
   hammer             [Unskilled]
   polearms           [Unskilled]
   spear              [Unskilled]
   crossbow           [Unskilled]
   dart               [Unskilled]
   shuriken           [Unskilled]
 Spellcasting Skills
   divination spells  [Unskilled]
   escape spells      [Unskilled]
   matter spells      [Unskilled]

Voluntary challenges:
 Character rerolling was not enabled.
 You never genocided any monsters.
 You never polymorphed an object.
 You never changed form.
 You used no wishes.
 You did not violate any of the special Sokoban rules.
Achievements:
 You entered a shop.
 You attained the rank of Cutpurse.
 You read from a Discworld novel.
 You attained the rank of Rogue.
 You entered Sokoban.

 The Dungeons of Doom: levels 1 to 9
    Level 1:
       Some fountains.
    Level 2:
       A general store.
    Level 3:
       A scroll shop, a fountain, a grave.
    Level 4:
       A fountain, a sink.
    Level 5:
    Level 6:
       Some fountains, a grave.
    Level 7:
       A tool shop, some fountains.
    Level 8:
       Many fountains.
       Oracle of Delphi.
    Level 9:
       A fountain.
       Stairs up to Sokoban, level 8.
 Sokoban:
    Level 8: <- You were here.
       Unsolved.
       Final resting place for
          you, petrified by a chickatrice.


Vanquished creatures:
  a giant beetle
  a panther
  a horse
 an ice vortex
  a black light
  a dwarf mummy
  a gold golem
  a chickatrice
  2 dogs
  a blue jelly
  a plains centaur
  a wood nymph
  4 fog clouds
  a shrieker
  a gray ooze
  a straw golem
  a paper golem
  5 giant ants
  3 floating eyes
  a homunculus
  a kobold leader
  2 rothes
  a dwarf zombie
  4 iguanas
  a giant rat
  2 cave spiders
  2 brown molds
  a yellow mold
  a green mold
  a gnome
  2 geckos
  7 jackals
  a kobold
  4 goblins
  7 grid bugs
  4 bats
  2 lichens
  5 newts
78 creatures vanquished.

No species were genocided or became extinct.

Game over:
                       ----------
                      /          \
                     /    REST    \
                    /      IN      \
                   /     PEACE      \
                  /                  \
                  |    Corncycle     |
                  |      521 Au      |
                  |  petrified by a  |
                  |   chickatrice    |
                  |                  |
                  |                  |
                  |       2026       |
                 *|     *  *  *      | *
        _________)/\\_//(\/(/\)/\//\/|_)_______

Goodbye Corncycle the Rogue...

You turned to stone in Sokoban on dungeon level 8 with 4309 points,
and 521 pieces of gold, after 3136 moves.
You were level 7 with a maximum of 49 hit points when you turned to stone.

